 Dungeon Crawl Stone Soup version 0.29-a0-551-gffc1d7fb78 (webtiles) character file.

Game seed: 4189638325284822391

3826 Octocat the Destroyer (level 10, -8/68 HPs)
             Began as an Octopode Conjurer on June 6, 2022.
             Was an Initiate of Gozag.
             Mangled by a troll (17 damage)
             ... on level 9 of the Dungeon.
             The game lasted 00:43:24 (13122 turns).

Octocat the Destroyer (Octopode Conjurer)          Turns: 13122, Time: 00:43:24

Health: -8/68      AC:  1    Str:  9    XL:     10   Next: 17%
Magic:  2/13       EV: 13    Int: 28    God:    Gozag
Gold:   528        SH:  0    Dex: 11    Spells: 6/13 levels left

rFire   . . .      SeeInvis .   l - +9 hand axe of the Past {vorpal, rN+ Str+3 Int+3}
rCold   . . .      Faith    .   (no shield)
rNeg    + . .      Spirit   .   (helmet restricted)
rPois   .          Reflect  .   r - amulet of the acrobat
rElec   .          Harm     .   (no ring)
rCorr   .          Rampage  .   (no ring)
Will    .....                   (no ring)
Stlth   ++++......              (no ring)
HPRegen 0.21/turn               (no ring)
MPRegen 0.13/turn               (no ring)
                                (no ring)
                                (no ring)

@: gold aura, studying Throwing
A: almost no armour, amphibious, 8 rings, camouflage 1, gelatinous body 1,
(nimble swimmer 1), tentacles
a: Renounce Religion, Potion Petition, Call Merchant, Bribe Branch


You were on level 9 of the Dungeon.
You worshipped Gozag.
Gozag was pleased with you.
You visited 2 branches of the dungeon, and saw 10 of its levels.

You collected 786 gold pieces.
You spent 169 gold pieces at shops.
You paid 89 gold pieces to Gozag.

Inventory:

Hand Weapons
 d - the +6 whip "Wugus" {speed, rF+ rC+ Int+3 Stlth+}
   (You found it on level 2 of the Dungeon)

   Attacks with this weapon are significantly faster.
   Int:       It affects your intelligence (+3).
   rF:        It protects you from fire.
   rC:        It protects you from cold.
   Stlth:     It makes you more stealthy.
 f - a +1 short sword
 i - a +1 dagger of venom
 l - the +9 hand axe of the Past (weapon) {vorpal, rN+ Str+3 Int+3}
   (You found it on level 3 of the Dungeon)

   It inflicts extra damage upon your enemies.
   Str:       It affects your strength (+3).
   Int:       It affects your intelligence (+3).
   rN:        It protects you from negative energy.
 n - a +0 dagger
 I - a +0 vorpal spear
 K - a +2 dagger of venom
 L - the +7 spear of the Three Orbs {vorpal, rElec rPois}
   (You found it on level 7 of the Dungeon)

   It inflicts extra damage upon your enemies.
   rElec:     It insulates you from electricity.
   rPois:     It protects you from poison.
 N - a +0 short sword of freezing
 Q - a +0 hand axe of electrocution
Missiles
 v - 5 boomerangs
 M - a throwing net
Magical Staves
 p - a staff of conjuration
Jewellery
 g - a ring of flight
 r - an amulet of the acrobat (around mantle)
 C - a ring of fire
Wands
 u - a wand of flame (3)
 x - a wand of polymorph (8)
 O - a wand of digging (3)
Scrolls
 b - a scroll of enchant weapon
 m - 3 scrolls of teleportation
 q - a scroll of torment {unknown}
 s - 2 scrolls of immolation
 w - 3 scrolls of blinking
 y - 3 scrolls of fog
 A - 2 scrolls of poison
 F - a scroll of vulnerability {unknown}
 G - a scroll of amnesia
 H - a scroll of magic mapping
 J - a scroll of enchant armour {unknown}
Potions
 a - 2 potions of magic
 c - 3 potions of flight
 e - 9 potions of curing
 h - 2 potions of haste
 k - 3 potions of attraction
 o - 2 potions of brilliance
 t - a potion of cancellation
 z - a potion of might
 B - a potion of lignification
 D - 2 potions of heal wounds
 E - a potion of invisibility


   Skills:
 - Level 6.0 Fighting
 + Level 3.4 Dodging
 - Level 5.0 Stealth
 - Level 2.0 Spellcasting
 - Level 10.0 Conjurations
 - Level 8.0 Hexes
 - Level 2.0 Translocations


You had 6 spell levels left.
You knew the following spells:

 Your Spells              Type           Power      Damage    Failure   Level
a - Searing Ray           Conj           100%       2d8       1%          2
b - Magic Dart            Conj           100%       1d8       1%          1
c - Fulminant Prism       Conj/Hex       26%        3d14      2%          4

Your spell library contained the following spells:

 Spells                   Type           Power      Damage    Failure   Level
 Dazzling Flash           Conj/Hex       100%       N/A       1%          3
 Summon Guardian Golem    Hex/Summ       25%        N/A       5%          3
 Iskenderun's Mystic Bla  Conj/Tloc      36%        2d9       8%          4
 Summon Small Mammal      Summ           8%         N/A       9%          1
 Gell's Gravitas          Tloc           14%        N/A       12%         3
 Teleport Other           Tloc           14%        N/A       12%         3
 Poisonous Vapours        Pois/Air       4%         N/A       14%         2
 Anguish                  Hex/Necr       12%        N/A       17%         4
 Call Canine Familiar     Summ           2%         N/A       26%         3
 Frozen Ramparts          Ice            4%         1d2       26%         3
 Silence                  Hex/Air        12%        N/A       43%         5
 Ice Form                 Ice/Tmut       2%         N/A       65%         4
 Summon Ice Beast         Ice/Summ       2%         N/A       65%         4
 Agony                    Necr           2%         N/A       94%         5
 Dispersal                Tloc           7%         N/A       99%         6
 Enfeeble                 Hex            23%        N/A       96%         7
 Corpse Rot               Necr/Pois/Air  Unusable   N/A       N/A         4

Dungeon Overview and Level Annotations

Branches:
Dungeon (9/15)             Temple (1/1) D:5
   Lair: D:8-11         Orc: D:9-12

Altars:
Ashenzari
Dithmenos
Gozag
Kikubaaqudgha
Makhleb
Qazlal
Ru
Trog
Uskayaw
Wu Jian
Xom
Yredelemnul

Shops:
D:3 ?

Annotations:
D:6 1 runed translucent door, xian's ghost, amateur DrCj
D:8 3 runed translucent doors, bande's ghost, novice GnWn


Innate Abilities, Weirdness & Mutations

You cannot wear most types of armour.
You are amphibious.
You can wear up to eight rings at the same time.
Your skin changes colour to match your surroundings (Stealth+).
Your rubbery body absorbs attacks. (AC +1, EV +1)
((You are camouflaged when in or above water. (Stealth+)))
You have tentacles for arms and can constrict up to eight enemies at once.


Message History

Your fulminant prism crackles loudly.
The searing ray hits the troll!
The troll is moderately wounded.
Your fulminant prism explodes!
The blast of energy engulfs the wraith!!
The wraith is almost destroyed.
You hear a shout! x2
Unknown command.
Casting: Searing Ray (safe; 1% risk of failure)
Confirm with . or Enter, or press ? or * to list all spells.
Aiming: Fulminant Prism (dangerous; 2% risk of failure)
Press: ? - help, Dir - move target, p - troll You feel a surge of power!
You conjure a prism of explosive energy!
A fulminant prism comes into view.
The troll bites you. The troll closely misses you. The troll claws you!
Unknown command.
You feel stronger.
You feel clever.
l - the +9 hand axe of the Past (weapon)
{vorpal, rN+ Str+3 Int+3} You closely miss the troll.
You squeeze the troll, but do no damage.
The troll is moderately wounded.
Your fulminant prism crackles loudly.
The troll bites you!! The troll claws you. The troll claws you!
* * * LOW HITPOINT WARNING * * *
Unknown command.
You closely miss the troll.
You tentacle-slap the troll, but do no damage.
The troll is moderately wounded.
You closely miss the wraith.
Your fulminant prism explodes!
The blast of energy engulfs the troll!
The troll is heavily wounded.
The blast of energy engulfs the wraith!!
You destroy the wraith!
The troll completely misses you. The troll misses you. The troll claws you!
* * * LOW HITPOINT WARNING * * *
The troll bites you!
You die...
Your body crumbles into a pile of gold.

...... # ....
##. .... .#...
... .....##..
.../....## ###
...#.....#.....
#......@.......
##.....T$......
##...#........
#.....#......
##. ..#..#...
##....### ..
###. . .


You could see a troll.

Vanquished Creatures
  An unseen horror zombie (D:8)
  5 yaks (D:8)
  A wyvern (D:8)
  A wraith (D:9)
  A steam dragon (D:8)
  Menkaure (D:6)
  A water moccasin (D:8)
  2 orc warriors
  An ice beast (D:7)
  A sky beast (D:4)
  A black bear (D:7)
  An ogre (D:6)
  3 centaurs
  Blork the orc (D:6)
  2 necrophages
  3 scorpions
  5 bullfrogs
  A gnoll sergeant (D:8)
  A jelly (D:8)
  4 orc priests
  4 hounds
  Crazy Yiuf (D:4)
  A gnoll shaman (D:7)
  2 iguanas
  4 orc wizards
  Ijyb (D:4)
  A killer bee zombie (D:8)
  10 gnolls
  9 adders
  2 white imps (D:6)
  2 worms (D:2)
  A dart slug (D:3)
  28 orcs
  8 ball pythons
  5 bats
  5 endoplasms
  2 giant cockroaches (D:1)
  3 goblins
  7 hobgoblins
  3 jackals (D:1)
  7 kobolds
  10 quokkas
  5 frilled lizards
  3 rats
161 creatures vanquished.

Vanquished Creatures (others)
  A human (D:5)
  63 fulminant prisms
64 creatures vanquished.

Grand Total: 225 creatures vanquished

Notes
Turn   | Place    | Note
-------+----------+-------------------------------------------
     0 | D:1      | Octocat the Octopode Conjurer began the quest for the Orb.
     0 | D:1      | Reached XP level 1. HP: 11/11 MP: 3/3
   193 | D:1      | Reached skill level 1 in Hexes
   491 | D:1      | Reached XP level 2. HP: 16/17 MP: 3/5
   516 | D:1      | Learned a level 2 spell: Searing Ray
  1101 | D:1      | Reached XP level 3. HP: 21/21 MP: 6/6
  1789 | D:2      | Identified the +6 whip "Wugus" {speed, rF+ rC+ Int+3
                  | Stlth+}
  2046 | D:2      | Reached XP level 4. HP: 27/27 MP: 1/7
  2117 | D:2      | Found a faded altar of an unknown god.
  2225 | D:2      | Learned a level 4 spell: Fulminant Prism
  2485 | D:3      | Identified the +9 hand axe of the Past {vorpal, rN+ Str+3
                  | Int+3}
  2652 | D:3      | Found Xitest's Magic Scroll Shop.
  3615 | D:4      | Found a burning altar of Makhleb.
  3621 | D:4      | Reached XP level 5. HP: 19/31 MP: 0/8
  4028 | D:4      | Noticed Ijyb
  4035 | D:4      | Killed Ijyb
  4036 | D:4      | Reached skill level 5 in Conjurations
  4133 | D:4      | Noticed a sky beast
  4139 | D:4      | Killed a sky beast
  4140 | D:4      | Reached skill level 5 in Hexes
  4140 | D:4      | Reached XP level 6. HP: 36/36 MP: 1/9
  4680 | D:4      | Found a runed translucent door.
  4681 | D:4      | Noticed Crazy Yiuf
  4687 | D:4      | Killed Crazy Yiuf
  4756 | D:4      | Found a shimmering altar of Xom.
  4865 | D:5      | Entered Level 5 of the Dungeon
  5234 | D:5      | Reached XP level 7. HP: 41/41 MP: 1/10
  5489 | D:5      | Reached skill level 6 in Conjurations
  5489 | D:5      | Reached skill level 1 in Fighting
  5578 | D:5      | Found a staircase to the Ecumenical Temple.
  5963 | D:5      | Found an ancient bone altar of Kikubaaqudgha.
  5968 | D:5      | Noticed a human
  5969 | D:5      | Killed a human
  6246 | D:6      | Noticed Menkaure
  6320 | D:6      | Found a runed translucent door.
  6321 | D:6      | Noticed xian's ghost (amateur DrCj)
  6456 | D:6      | Reached XP level 8. HP: 48/48 MP: 5/11
  6819 | D:6      | Reached skill level 7 in Conjurations
  6914 | D:6      | Noticed Blork the orc
  6920 | D:6      | Killed Blork the orc
  7180 | D:6      | Killed Menkaure
  8099 | D:6      | Reached skill level 8 in Conjurations
  8243 | D:6      | Noticed a wraith
  8359 | Temple   | Entered the Ecumenical Temple
  8365 | Temple   | Became a worshipper of Gozag Ym Sagoz the Greedy
  8446 | D:3      | Bought a scroll of amnesia for 38 gold pieces
  8446 | D:3      | Bought a scroll of magic mapping for 38 gold pieces
  8446 | D:3      | Bought a scroll of poison for 38 gold pieces
  8446 | D:3      | Bought a scroll of identify for 22 gold pieces
  8447 | D:3      | Bought a scroll of teleportation for 33 gold pieces
  8682 | D:7      | Reached XP level 9. HP: 41/56 MP: 4/12
  9017 | D:7      | Reached skill level 5 in Stealth
  9836 | D:7      | Identified the +7 spear of the Three Orbs {vorpal, rElec
                  | rPois}
 10407 | D:8      | Reached skill level 9 in Conjurations
 10670 | D:8      | Reached skill level 5 in Fighting
 11235 | D:8      | Found a runed translucent gate.
 11235 | D:8      | Found a runed translucent gate.
 11235 | D:8      | Found a runed translucent gate.
 11235 | D:8      | Noticed bande's ghost (novice GnWn)
 11237 | D:8      | Found a basalt altar of Yredelemnul.
 11248 | D:8      | Reached skill level 10 in Conjurations
 11248 | D:8      | Reached XP level 10. HP: 45/66 MP: 2/13
 13122 | D:9      | Mangled by a troll

Illustrated notes

Levels and vault maps discovered:
D:1:      nicolae_arrival_somewhat_less_tricky_arrival, layout_rooms
D:2:      layout_basic, dreamdust_ecumenical_altar_grove
D:3:      layout_loops_ring, serial_shops, shop, minmay_quantized
D:4:      layout_gridville, makhleb_blood_cavern_becter,
          overflow_temple_1_default, uniq_crazy_yiuf_cottage, uniq_ijyb
D:5:      layout_cave_pools, tgw_kikubaaqudgha,
          minmay_temple_entry_from_below_b, dk_rats_in_the_wall
D:6:      layout_basic, ebering_ghost_inner_flame, uniq_menkaure,
          uniq_blork_the_orc
D:7:      layout_basic, minivault_5
D:8:      hellmonk_crumbling_castle, layout_loops_corners,
          nicolae_yredelemnul_ghost_church, minmay_crystal_room,
          amcnicky_mini_rare_corridor_liquid, minmay_misc_feat_iff,
          minmay_manual_monstrance
D:9:      layout_cave_pools
Temple:   eino_narrow_crystal_temple

Skill      XL: |  1  2  3  4  5  6  7  8  9 10 |
---------------+-------------------------------+-----
Hexes          | 1 2 3 4 5 6 8 |  8.0
Conjurations   | 5 6 8 10 | 10.0
Fighting       | 1 3 5 6 |  6.0
Stealth        | 4 5 |  5.0
Dodging        | 3 |  3.4
Translocations | 2 |  2.0
Spellcasting   | |  2.0

Action                   |  1- 3 |  4- 6 |  7- 9 | 10-12 || total
-------------------------+-------+-------+-------+-------++-------
Melee: Unarmed           |     2 |       |       |       ||     2
       Constrict         |     5 |     1 |    11 |     2 ||    19
       Short sword       |    19 |       |       |       ||    19
       Tentacles         |     6 |     2 |     5 |     6 ||    19
       Whip              |     2 |    11 |    19 |       ||    32
       Hand axe          |       |       |    10 |     2 ||    12
       Staff             |       |       |     2 |     8 ||    10
       Spear             |       |       |       |     2 ||     2
       Punch             |       |       |       |     1 ||     1
 Cast: Magic Dart        |    16 |     2 |       |       ||    18
       Searing Ray       |    10 |    28 |    21 |     3 ||    62
       Fulminant Prism   |       |     6 |    43 |    14 ||    63
  Use: Scroll            |     4 |     8 |     3 |     1 ||    16
       Potion            |       |       |     1 |       ||     1
 Stab: Sleeping          |     7 |     3 |     1 |       ||    11
Armor: Skin              |     3 |       |     3 |       ||     6
Dodge: Dodged            |    18 |    14 |    66 |     8 ||   106

Table legend: (Time is in decaauts)
 A = Elapsed time spent in this place.
 B = Non-inter-level travel time spent in this place.
 C = Inter-level travel time spent in this place.
 D = Time resting spent in this place.
 E = Time spent auto-exploring this place.
 F = Levels seen in this place.
 G = Mean time per level.
                   A        B        C        D        E       F      G
               +--------+--------+--------+--------+--------+-----+--------+
         Total |  13100 |  12648 |    452 |   5310 |   5578 |  10 | 1310.0 |
       Dungeon |  13087 |  12640 |    447 |   5310 |   5578 |   9 | 1454.1 |
        Temple |     12 |      7 |      5 |      0 |      0 |   1 |   12.0 |
               +--------+--------+--------+--------+--------+-----+--------+

Top non-repeatable levels by time:
     D:8: 2867 daAuts
     D:6: 1869 daAuts
     D:7: 1695 daAuts
     D:4: 1629 daAuts
     D:1: 1609 daAuts
     D:5: 1396 daAuts
     D:3: 1310 daAuts
     D:2: 702 daAuts
  Temple: 12 daAuts
     D:9: 6 daAuts
